 Dungeon Crawl Stone Soup version 0.14-a0-2091-gca92d1a (webtiles) character file.

150 RedPan the Ruinous (level 4, -4/24 HPs)
             Began as a Deep Elf Wizard on Jan 25, 2014.
             Blown up by Ijyb (15 damage)
             ... with a wand of disintegration
             ... on Level 3 of the Dungeon.
             The game lasted 00:07:52 (1895 turns).

RedPan the Ruinous (Deep Elf Wizard)                Turns: 1895, Time: 00:07:52

HP  -4/24        AC  2     Str  5      XL: 4   Next: 34%
MP   9/15        EV 12     Int 23      God:
Gold 59          SH  0     Dex 13      Spells:  3 memorised,  5 levels left

rFire  . . .     SeeInvis .     i - +1 dagger
rCold  . . .     Clarity  .     a - +0 elf robe
rNeg   . . .     Conserve .     (no shield)
rPois  .         rCorr    .     b - +0 elf hat
rElec  .         rRot     .     (no cloak)
SustAb . .       Spirit   .     (no gloves)
rMut   .         Warding  .     (no boots)
Saprov . . .     Stasis   .     (no amulet)
MR     .....                    (no ring)
                                (no ring)

@: not resistant to hostile enchantments, fairly stealthy
A: no striking features
a: no special abilities


You were on level 3 of the Dungeon.
You were not hungry.

You visited 1 branch of the dungeon, and saw 3 of its levels.

You collected 59 gold pieces.

Inventory:

Hand weapons
 i - a +1,+1 dagger (weapon)
Armour
 a - a +0 elven robe (worn)
 b - a +0 elven hat (worn)
Comestibles
 d - a bread ration
 l - a meat ration
Scrolls
 e - 2 scrolls of curse jewellery {unknown}
 f - a scroll of immolation {unknown}
Potions
 g - 4 potions of curing {unknown}
 h - a potion of resistance {unknown}
 k - a potion of restore abilities {unknown}
Books
 c - a book of Minor Magic

   Spells                             Type                      Level
   *Magic Dart                        Conjuration                  1
   *Blink                             Translocation                2
   Call Imp                           Summoning                    2
   Repel Missiles                     Charms/Air                   2
   Slow                               Hexes                        2
   Conjure Flame                      Conjuration/Fire             3
   *Mephitic Cloud                    Conjuration/Poison/Air       3


   Skills:
 - Level 2.4 Dodging
 - Level 2.4 Stealth
 - Level 4.4 Spellcasting
 + Level 4.7 Conjurations
   Level 1.1 Summonings
 - Level 1.1 Translocations


You had 5 spell levels left.
You knew the following spells:

 Your Spells              Type           Power        Failure   Level  Hunger
a - Magic Dart            Conj           ####         1%          1    None
b - Blink                 Tloc           N/A          12%         2    None
c - Mephitic Cloud        Conj/Pois/Air  ##......     17%         3    ##.....


Dungeon Overview and Level Annotations

Branches:
Dungeon (3/16)

Altars:

Annotations:
D:3 Ijyb, Sigmund


Message History

A rat comes into view.
Casting: Magic Dart
Confirm with . or Enter, or press ? or * to list all spells.
Aiming: Magic Dart
Press: ? - help, Shift-Dir - straight line, f/p - orc priest
Aim: an orc priest, wielding an orcish dagger (heavily wounded, bewildered and confused)
The magic dart hits the orc priest.
The orc priest is heavily wounded.
Sigmund points at you and mumbles some strange words.
The puff of flame hits you!
Your scroll labeled OKA TIEQUEG catches fire!
The orc priest hits Ijyb with an orcish dagger.
Ijyb is engulfed in noxious fumes.
Ijyb appears confused.
Ijyb screams, "Me give you whole level! Then you leave me be!"
Ijyb zaps a wand.
Sigmund mumbles some strange words.
Sigmund flickers and vanishes!
Ijyb is engulfed in noxious fumes.
Ijyb appears confused.
Ijyb zaps a wand.
You are blasted!
Ouch! That really hurt!
You die...

.# . .r... .#..
##o#.# #g.o.###.
#######........
..........ยง......
#.........
#@........
#.........
#...####. ......
#######


You could see Ijyb (confused), an orc priest (confused), an orc and a rat.

Vanquished Creatures
  4 adders (D:2)
  A giant mite (D:2)
  2 giant geckos (D:1)
  6 bats
  3 giant cockroaches (D:1)
  5 goblins
  5 hobgoblins
  6 jackals
  4 giant newts (D:1)
  7 kobolds
  6 rats
49 creatures vanquished.

Notes
Turn   | Place    | Note
--------------------------------------------------------------
     0 | D:1      | RedPan, the Deep Elf Wizard, began the quest for the Orb.
     0 | D:1      | Reached XP level 1. HP: 10/10 MP: 6/6
    97 | D:1      | Reached XP level 2. HP: 15/15 MP: 1/9
   101 | D:1      | Learned a level 2 spell: Blink
   784 | D:2      | Reached XP level 3. HP: 19/19 MP: 10/12
   798 | D:2      | Learned a level 3 spell: Mephitic Cloud
  1213 | D:2      | Reached XP level 4. HP: 20/24 MP: 11/15
  1465 | D:3      | Noticed Sigmund
  1830 | D:3      | Noticed Ijyb
  1895 | D:3      | Blown up by Ijyb

Action                   |  1- 3 |  4- 6 || total
-------------------------+-------+-------++-------
Melee: Dagger            |     3 |       ||     3
 Cast: Magic Dart        |    73 |    42 ||   115
       Mephitic Cloud    |       |     3 ||     3
 Stab: Sleeping          |     1 |       ||     1
